 Dungeon Crawl Stone Soup version 0.26-a0-612-gd4d190f (webtiles) character file.

Game seed: 8417880211047723075

25 rz the Firebug (level 2, 0/16 HPs)
             Began as a Deep Elf Fire Elementalist on Sept 9, 2020.
             Slain by a jackal (3 damage)
             ... on level 2 of the Dungeon.
             The game lasted 00:02:13 (1839 turns).

rz the Firebug (Deep Elf Fire Elementalist)         Turns: 1839, Time: 00:02:13

Health: 0/16       AC:  2    Str:  5    XL:     2   Next: 82%
Magic:  3/8        EV: 13    Int: 19    God:
Gold:   66         SH:  0    Dex: 15    Spells: 6/7 levels left

rFire    . . .     SeeInvis .   n - -1 spear (curse)
rCold    . . .     Faith    .   (no shield)
rNeg     . . .     Spirit   .   a - +0 robe
rPois    .         Reflect  .   (no helmet)
rElec    .         Harm     .   (no cloak)
rCorr    .                      (no gloves)
MR       .....                  (no boots)
Stlth    ++........             (no amulet)
HPRegen  0.05/turn              (no ring)
MPRegen  0.11/turn              (no ring)

@: no status effects
A: no striking features
a: no special abilities


You were on level 2 of the Dungeon.
You visited 1 branch of the dungeon, and saw 2 of its levels.

You collected 66 gold pieces.

Inventory:

Hand Weapons
 n - a cursed -1 spear (weapon)
Armour
 a - a +0 robe (worn)
 o - a +1 robe of positive energy
Scrolls
 f - a scroll of identify {unknown}
 g - a scroll of enchant armour {unknown}
 j - 2 scrolls of remove curse {unknown}
 k - a scroll of fear {unknown}
 l - a scroll of immolation {unknown}
Potions
 b - a potion of curing {unknown}
 c - a potion of cancellation {unknown}
 d - a potion of brilliance {unknown}
 e - a potion of berserk rage {unknown}
 h - a potion of heal wounds {unknown}
 i - a potion of mutation {unknown}
 m - a potion of ambrosia {unknown}


   Skills:
 + Level 0.5 Fighting
 + Level 2.9 Dodging
 + Level 2.7 Stealth
 + Level 3.2 Spellcasting
 + Level 1.6 Conjurations
 + Level 3.5 Fire Magic


You had 6 spell levels left.
You knew the following spells:

 Your Spells              Type           Power        Failure   Level
a - Foxfire               Conj/Fire      ##..         5%          1

Your spell library contained the following spells:

 Spells                   Type           Power        Failure   Level
 Conjure Flame            Conj/Fire      ##......     16%         3
 Inner Flame              Hex/Fire       #.......     22%         3
 Sticky Flame             Conj/Fire      ##......     45%         4
 Fireball                 Conj/Fire      ##........   82%         5


Dungeon Overview and Level Annotations

Branches:
Dungeon (2/15)

Altars:
Ashenzari
Fedhas


Message History

The jackal bites you.
Casting: Foxfire (safe; 5% risk of failure)
Confirm with . or Enter, or press ? or * to list all spells.
You conjure some foxfire!
The jackal bites you.
* * * LOW HITPOINT WARNING * * *
The foxfire hits the jackal.
The jackal is almost dead.
The foxfire hits the jackal.
You kill the jackal!
Casting: Foxfire (safe; 5% risk of failure)
Confirm with . or Enter, or press ? or * to list all spells.
You conjure some foxfire!
The jackal barely misses you.
The foxfire hits the jackal.
You kill the jackal!
The jackal bites you.
* * * LOW HITPOINT WARNING * * *
The foxfire hits the jackal.
The jackal is severely wounded.
The jackal bites you.
You die...

## #### ####### ###. .....######
##.....######...
...........#######........##.....
............K.hh@..≈≈≈...........
.............##†.≈≈≈≈≈≈≈......##.
.............#..≈≈≈≈≈≈≈≈≈.....#..
.............#.≈≈≈≈≈≈≈≈≈≈≈....'..
...............≈≈≈≈♣P.≈≈≈≈....#..
............).≈≈≈≈.P...≈≈≈≈...###
..............≈≈≈≈<._♣>≈≈≈≈......
..............≈≈≈≈....♣≈≈≈≈......
...............≈≈≈≈♣P.≈≈≈≈.......


You could see 2 jackals and a kobold.

Vanquished Creatures
  A worm (D:2)
  A giant cockroach (D:1)
  4 goblins
  2 hobgoblins
  2 jackals (D:2)
  2 bats
  2 frilled lizards (D:2)
  5 kobolds
  2 rats
21 creatures vanquished.

Vanquished Creatures (others)
  72 foxfires
72 creatures vanquished.

Grand Total: 93 creatures vanquished

Notes
Turn   | Place    | Note
-------+----------+-------------------------------------------
     0 | D:1      | rz the Deep Elf Fire Elementalist began the quest for the
                  | Orb.
     0 | D:1      | Reached XP level 1. HP: 10/10 MP: 6/6
   637 | D:1      | Reached XP level 2. HP: 9/15 MP: 5/8
  1275 | D:2      | Found a shattered altar of Ashenzari.
  1295 | D:2      | Found a blossoming altar of Fedhas.
  1839 | D:2      | Slain by a jackal

Illustrated notes

Levels and vault maps discovered:
D:1:      nzn_arrival_water_spiral, layout_loops_corners
D:2:      layout_rooms, nicolae_dithmenos_shadow_blocks,
          evilmike_ruin_ashenzari, fedhas_ov_isle_minmay,
          chequers_ecumenical_altar_island, uniq_natasha

Action                   || total
-------------------------++-------
Melee: Dagger            ||    15
 Cast: Foxfire           ||    53
Armor: Robe              ||    15
Dodge: Dodged            ||    48

Table legend: (Time is in decaauts)
 A = Elapsed time spent in this place.
 B = Non-inter-level travel time spent in this place.
 C = Inter-level travel time spent in this place.
 D = Time resting spent in this place.
 E = Time spent auto-exploring this place.
 F = Levels seen in this place.
 G = Mean time per level.
                   A        B        C        D        E       F      G
               +--------+--------+--------+--------+--------+-----+--------+
         Total |   1842 |   1809 |     33 |    390 |   1192 |   2 |  921.0 |
       Dungeon |   1842 |   1809 |     33 |    390 |   1192 |   2 |  921.0 |
               +--------+--------+--------+--------+--------+-----+--------+

Top non-repeatable levels by time:
     D:1: 1204 daAuts
     D:2: 638 daAuts
